 Dungeon Crawl Stone Soup version 0.19-a0-1935-g874f678 (webtiles) character file.

501 PurpleRed the Chopper (level 6, -3/56 HPs)
             Began as a Minotaur Fighter on Oct 26, 2016.
             Was an Initiate of Makhleb.
             Slain by Ultraviolent4's ghost (8 damage)
             ... on level 4 of the Dungeon.
             The game lasted 00:04:12 (2888 turns).

PurpleRed the Chopper (Minotaur Fighter)            Turns: 2888, Time: 00:04:13

Health: -3/56      AC:  7    Str: 23    XL:     6   Next: 95%
Magic:  5/5        EV:  7    Int:  5    God:    Makhleb [......]
Gold:   137        SH:  9    Dex:  9    Spells: 0 memorised, 5 levels left

rFire  + . .     SeeInvis +     x - +2 hand axe (chop)
rCold  . . .     Gourm    .     b - +0 scale mail
rNeg   . . .     Faith    .     c - +0 shield
rPois  .         Spirit   .     (helmet restricted)
rElec  .         Reflect  .     (no cloak)
rCorr  .         Harm     .     (no gloves)
MR     .....                    (no boots)
Stlth  ..........               (no amulet)
                                p - ring of see invisible
                                m - ring of protection from fire

@: no status effects
A: retaliatory headbutt, horns 2
a: Renounce Religion


You were on level 4 of the Dungeon.
You worshipped Makhleb.
Makhleb was noncommittal.
You were not hungry.

You visited 1 branch of the dungeon, and saw 4 of its levels.

You collected 137 gold pieces.

Inventory:

Hand Weapons
 a - a +0 war axe
 e - a +1 hand axe of chopping
 x - a +2 hand axe of chopping (weapon)
Armour
 b - a +0 scale mail (worn)
 c - a +0 shield (worn)
Jewellery
 m - a ring of protection from fire (left hand)
 p - a ring of see invisible (right hand)
 v - a +5 ring of strength {unknown}
Wands
 q - a wand of iceblast (9/15)
Scrolls
 g - a scroll of immolation {unknown}
 k - 4 scrolls of remove curse
 r - a scroll of enchant armour {unknown}
 s - a scroll of identify
 t - a scroll of teleportation {unknown}
 u - 2 scrolls of fog {unknown}
Potions
 d - a potion of might
 i - a potion of cure mutation
 j - a potion of curing
 l - 2 potions of heal wounds
 o - a potion of resistance {unknown}
Comestibles
 f - 4 bread rations
 h - 2 slices of pizza
 n - 3 meat rations


   Skills:
 + Level 5.6 Fighting
 * Level 6.6 Axes
 + Level 5.7 Armour
 - Level 3.6 Shields


You had 5 spell levels left.
You didn't know any spells.

Dungeon Overview and Level Annotations

Branches:
Dungeon (4/15)
 Temple: D:4-7

Altars:
Cheibriados
Makhleb

Annotations:
D:4 Ultraviolent4's ghost, amateur FoFi


Innate Abilities, Weirdness & Mutations

You reflexively headbutt those who attack you in melee.
You have a pair of horns on your head.


Message History

Your headbutt misses Ultraviolent4's ghost.
Ultraviolent4's ghost is heavily damaged.
Ultraviolent4's ghost wails, "They lied to you.
The Dungeon just goes down and down forever."
Ultraviolent4's ghost hits you!
You hit Ultraviolent4's ghost.
Ultraviolent4's ghost is heavily damaged.
You block Ultraviolent4's ghost's attack.
Your shield prevents you from hitting Ultraviolent4's ghost.
Your headbutt misses Ultraviolent4's ghost.
Ultraviolent4's ghost is heavily damaged.
Ultraviolent4's ghost hits you but does no damage.
You hit Ultraviolent4's ghost. You headbutt Ultraviolent4's ghost.
Ultraviolent4's ghost is severely damaged.
You block Ultraviolent4's ghost's attack.
You closely miss Ultraviolent4's ghost. You headbutt Ultraviolent4's ghost.
Ultraviolent4's ghost is severely damaged.
Ultraviolent4's ghost hits you!
* * * LOW HITPOINT WARNING * * *
Ultraviolent4's ghost hits you!
You die...

## .. .# #
..#
#.######..#
###.....$...#
.......<@#
###..###W#
... #... #
#..## #...
##.## .# .#


You could see Ultraviolent4's ghost.

Vanquished Creatures
  Grinder (D:4)
  A crimson imp (D:3)
  A hound (D:3)
  An orc wizard (D:3)
  Natasha (D:2)
  7 gnolls (D:3)
  3 adders
  A shadow imp (D:3)
  2 worms (D:2)
  4 dart slugs
  3 leopard geckos
  4 orcs (D:3)
  3 giant cockroaches (D:3)
  10 goblins
  3 hobgoblins
  3 jackals (D:3)
  3 quokkas (D:3)
  3 ball pythons
  11 bats
  6 frilled lizards
  15 kobolds
  11 rats
97 creatures vanquished.

Notes
Turn   | Place    | Note
-------+----------+-------------------------------------------
     0 | D:1      | PurpleRed the Minotaur Fighter began the quest for the Orb.
     0 | D:1      | Reached XP level 1. HP: 19/19 MP: 0/0
   178 | D:1      | Reached XP level 2. HP: 27/27 MP: 1/1
   310 | D:1      | Reached skill level 3 in Axes
   746 | D:2      | Reached XP level 3. HP: 33/33 MP: 2/2
  1099 | D:2      | Found a snail-covered altar of Cheibriados.
  1335 | D:2      | Noticed Natasha
  1343 | D:2      | Killed Natasha
  1343 | D:2      | Reached skill level 4 in Axes
  1343 | D:2      | Reached XP level 4. HP: 40/40 MP: 3/3
  1918 | D:3      | Reached XP level 5. HP: 47/47 MP: 4/4
  1987 | D:3      | Reached skill level 5 in Axes
  1987 | D:3      | Reached skill level 5 in Armour
  2393 | D:3      | Found a burning altar of Makhleb.
  2401 | D:3      | Became a worshipper of Makhleb the Destroyer
  2468 | D:3      | Reached skill level 5 in Fighting
  2496 | D:3      | Reached XP level 6. HP: 56/56 MP: 5/5
  2868 | D:4      | Noticed Grinder
  2873 | D:4      | Noticed Ultraviolent4's ghost (amateur FoFi)
  2878 | D:4      | Killed Grinder
  2878 | D:4      | Reached skill level 6 in Axes
  2888 | D:4      | Slain by Ultraviolent4's ghost

Vault maps used:
D:1:      shiori_arrival_oz
D:2:      lemuel_round_altar, uniq_natasha
D:3:      makhleb_heckhound_becter
D:4:      elyvilon_altar_1, nicolae_overflow_hidden_temple, old_standard_altar,
          uniq_grinder

Skill      XL: |  1  2  3  4  5  6 |
---------------+-------------------+-----
Armour         | 4 5 |  5.7
Axes           | 3 4 5 6 |  6.6
Fighting       | 4 5 |  5.6
Shields        | |  3.6

Action                   |  1- 3 |  4- 6 || total
-------------------------+-------+-------++-------
Melee: Hand axe          |    78 |   133 ||   211
       Headbutt          |    10 |    18 ||    28
  Use: Scroll            |     4 |       ||     4
  Eat: Chunk             |     1 |     5 ||     6
Armor: Scale mail        |    39 |    46 ||    85
Dodge: Dodged            |    17 |    30 ||    47
Block: Shield            |    45 |    56 ||   101
